 Dungeon Crawl Stone Soup version 0.29.1-2-gbd0b4ee654 (webtiles) character file.

Game seed: 11336649781117792130

341 kingsuperguy the Shooter (level 6, -1/51 HPs)
             Began as a Minotaur Hunter on Nov 14, 2022.
             Slain by Pikel
             ... wielding a +0 whip of electrocution
              (10 damage)
             ... on level 3 of the Dungeon.
             The game lasted 00:11:52 (3607 turns).

kingsuperguy the Shooter (Minotaur Hunter)          Turns: 3607, Time: 00:11:52

Health: -1/51      AC:  3    Str: 17      XL:     6   Next: 30%
Magic:  5/5        EV: 12    Int:  5 (6)  God:
Gold:   238        SH:  0    Dex: 13 (14) Spells: 5/5 levels left

rFire   . . .      SeeInvis .   x - +5 club
rCold   . . .      Faith    .   (no shield)
rNeg    . . .      Spirit   .   c - +0 leather armour
rPois   .          Reflect  .   (helmet restricted)
rElec   +          Harm     .   y - scarf {repulsion}
rCorr   .          Rampage  .   (no gloves)
Will    .....                   (no boots)
Stlth   +.........              (no amulet)
HPRegen 0.17/turn               (no ring)
MPRegen 0.09/turn               (no ring)

@: mighty, repel missiles
A: horns 2, retaliatory headbutt, deterioration 1, electricity resistance,
devolution 1
a: no special abilities


You were on level 3 of the Dungeon.
You visited 1 branch of the dungeon, and saw 4 of its levels.

You collected 238 gold pieces.

Inventory:

Hand Weapons
 a - a +0 shortbow
 b - a +0 dagger
 d - a +0 club
 h - a +0 sling
 k - a +0 dagger
 r - a +0 sling
 x - a +5 club (weapon)
Missiles
 e - 39 stones
 l - 3 poisoned darts
Armour
 c - a +0 leather armour (worn)
 o - a +1 cloak of willpower
 s - an orb of wrath
 y - a scarf of repulsion (worn)
 B - a +0 leather armour
Wands
 q - a wand of flame (14)
 z - a wand of charming (6)
Scrolls
 f - 2 scrolls of identify
 g - 3 scrolls of enchant weapon {unknown}
 i - a scroll of enchant armour {unknown}
 j - 3 scrolls of noise
 n - 2 scrolls of teleportation {unknown}
 p - 2 scrolls of poison
 v - a scroll of brand weapon {unknown}
 A - a scroll of magic mapping {unknown}
Potions
 m - a potion of invisibility {unknown}
 t - 2 potions of curing {unknown}
 w - a potion of mutation


   Skills:
 + Level 3.5 Fighting
 + Level 0.1 Maces & Flails
 + Level 7.2 Ranged Weapons
 + Level 2.5 Armour
 + Level 2.7 Dodging
 + Level 1.1 Stealth


You had 5 spell levels left.
You didn't know any spells.
Your spell library was empty.

Dungeon Overview and Level Annotations

Branches:
Dungeon (4/15)
 Temple: D:4-7

Altars:
Qazlal

Shops:
D:1 *   D:3 (

Annotations:
D:3 Pikel


Innate Abilities, Weirdness & Mutations

You have a pair of horns on your head.
You reflexively headbutt those who attack you in melee.
Your body sometimes deteriorates upon taking damage.
You are resistant to electric shocks. (rElec)
You have hidden genetic defects.


Message History

You hit the lemure. Your headbutt misses the lemure.
The lemure is moderately wounded.
Pikel, Merchant of Souls comes into view.
He is wielding a +0 whip of electrocution.
The lemure closely misses you.
You closely miss the lemure. Your headbutt misses the lemure.
The lemure is moderately wounded.
You closely miss Pikel. Pikel barely misses you. You furiously retaliate!
You headbutt Pikel, but do no damage.
A lemure comes into view.
The lemure shouts!
You thump Pikel!
Pikel is lightly wounded.
Pikel hits you with a +0 whip of electrocution!
Pikel attacks as you move away! Pikel barely misses you.
A lemure comes into view.
Pikel attacks as you move away! Pikel closely misses you.
There is a stone staircase leading up here.
Pikel attacks as you move away! Pikel closely misses you.
Pikel attacks as you move away!
Pikel hits you with a +0 whip of electrocution.
Pikel attacks as you move away! Pikel barely misses you.
Pikel attacks as you move away!
Pikel hits you with a +0 whip of electrocution.
Pikel attacks as you move away!
Pikel hits you with a +0 whip of electrocution!
Pikel attacks as you move away!
Pikel hits you with a +0 whip of electrocution.
Pikel attacks as you move away!
Pikel hits you with a +0 whip of electrocution!
* * * LOW HITPOINT WARNING * * *
Your body deteriorates!
You feel clumsy.
There is a stone staircase leading up here.
Pikel hits you with a +0 whip of electrocution.
* * * LOW HITPOINT WARNING * * *
Your body deteriorates!
You feel dopey.
You climb upwards.
There is a stone staircase leading down here.
You feel very mighty all of a sudden.
Pikel hits you with a +0 whip of electrocution!
You die...

#..#.#.##.# #.#####
.##..<....#####.>..#
.###.####.......##.#
)# ### ##########.#
.# #.# .# #.# .# #.#
## #########.#
#......@K.#
#.######### #.# #.#
#.# #.# #.# #.# #.#


You could see Pikel.

Vanquished Creatures
  A lemure (D:4)
  A scorpion (D:3)
  A howler monkey (D:4)
  Jessica (D:3)
  Ijyb (D:3)
  Natasha (twice) (D:3)
  An iguana (D:4)
  A gnoll (D:2)
  4 adders
  An ufetubus (D:4)
  A worm (D:3)
  A dart slug (D:4)
  An orc (D:3)
  6 endoplasms
  5 giant cockroaches
  6 goblins
  6 hobgoblins
  3 jackals (D:1)
  6 kobolds
  4 quokkas
  5 ball pythons
  3 bats
  4 frilled lizards
  3 rats
68 creatures vanquished.

Notes
Turn   | Place    | Note
-------+----------+-------------------------------------------
     0 | D:1      | kingsuperguy the Minotaur Hunter began the quest for the
                  | Orb.
     0 | D:1      | Reached XP level 1. HP: 18/18 MP: 0/0
    72 | D:1      | Found Mivered's General Store.
   250 | D:1      | Reached XP level 2. HP: 25/25 MP: 1/1
   324 | D:1      | Reached skill level 5 in Ranged Weapons
   841 | D:1      | Reached XP level 3. HP: 30/30 MP: 2/2
  1402 | D:2      | Reached skill level 1 in Armour
  1402 | D:2      | Reached XP level 4. HP: 8/37 MP: 3/3
  1932 | D:3      | Noticed a scorpion
  1937 | D:3      | Killed a scorpion
  1937 | D:3      | Noticed Jessica
  1938 | D:3      | Reached skill level 6 in Ranged Weapons
  1950 | D:3      | Killed Jessica
  1951 | D:3      | Reached XP level 5. HP: 45/45 MP: 4/4
  2037 | D:3      | Found Cegiunnu's Weapon Shop.
  2081 | D:3      | Noticed Natasha
  2095 | D:3      | Found a stormy altar of Qazlal.
  2111 | D:3      | Killed Natasha
  2203 | D:3      | Noticed Natasha
  2226 | D:3      | Killed Natasha
  2227 | D:3      | Reached skill level 1 in Stealth
  2602 | D:3      | Noticed Ijyb
  2623 | D:3      | Gained mutation: You have hidden genetic defects. [potion
                  | of mutation]
  2623 | D:3      | Gained mutation: You are resistant to electric shocks.
                  | (rElec) [potion of mutation]
  2627 | D:3      | Killed Ijyb
  3312 | D:4      | Reached skill level 7 in Ranged Weapons
  3312 | D:4      | Reached XP level 6. HP: 46/51 MP: 5/5
  3335 | D:4      | Gained mutation: Your body sometimes deteriorates upon
                  | taking damage. [hidden defects]
  3566 | D:4      | Noticed Pikel
  3607 | D:3      | Slain by Pikel

Illustrated notes

Levels and vault maps discovered:
D:1:      elethiomel_arrival_quiet, layout_basic, serial_shops,
          nicolae_shop_behind_doors
D:2:      layout_basic, minmay_split_cup_large
D:3:      layout_loops_ring, mainiacjoe_overflow_small_starburst, serial_shops,
          shop, minmay_stone_trees_small, uniq_jessica, uniq_ijyb, uniq_natasha
D:4:      layout_loops_ring, lemuel_temple_firewalk_b, uniq_pikel

Skill      XL: |  1  2  3  4  5 |
---------------+----------------+-----
Ranged Weapons | 5 6 7 |  7.2
Armour         | 1 2 |  2.5
Fighting       | 3 |  3.5
Stealth        | 1 |  1.1
Maces & Flails | |  0.1
Dodging        | |  2.7

Action                   |  1- 3 |  4- 6 || total
-------------------------+-------+-------++-------
Melee: Club              |       |    38 ||    38
       Dagger            |       |     6 ||     6
       Headbutt          |       |     4 ||     4
 Fire: Shortbow          |    85 |    90 ||   175
  Use: Scroll            |     1 |     3 ||     4
       Potion            |       |     4 ||     4
Armor: Leather armour    |    13 |    31 ||    44
Dodge: Dodged            |    29 |    63 ||    92
